 Dungeon Crawl Stone Soup version 0.26-b1-32-g5d43845318 (webtiles) character file.

Game seed: 15295069764428403555

12558 Arthanis the Arsonist (level 11, -18/54 HPs)
             Began as a Deep Elf Fire Elementalist on Jan 9, 2021.
             Was a Believer of Vehumet.
             Demolished by a red ugly thing (20 damage)
             ... on level 11 of the Dungeon.
             The game lasted 00:26:17 (13675 turns).

Arthanis the Arsonist (Deep Elf Fire Elementalist) Turns: 13675, Time: 00:26:18

Health: -18/54     AC:  3    Str:  5    XL:     11   Next: 64%
Magic:  24/37      EV: 15    Int: 30    God:    Vehumet [**....]
Gold:   255        SH:  0    Dex: 15    Spells: 14/33 levels left

rFire    . . .     SeeInvis .   k - +0 dagger (venom)
rCold    . . .     Faith    .   (no shield)
rNeg     . . .     Spirit   .   a - +0 robe
rPois    .         Reflect  .   (no helmet)
rElec    .         Harm     .   (no cloak)
rCorr    .         Rampage  .   (no gloves)
Will     +....                  x - +0 pair of boots
Stlth    ++........             K - amulet of magic regeneration
HPRegen  0.18/turn              d - +6 ring of intelligence
MPRegen  0.50/turn              n - ring of magical power

@: studying Polearms
A: no striking features
a: Renounce Religion


You were on level 11 of the Dungeon.
You worshipped Vehumet.
Vehumet was pleased with you.
You visited 2 branches of the dungeon, and saw 12 of its levels.
You also visited: Ossuary.

You collected 459 gold pieces.
You spent 204 gold pieces at shops.

Inventory:

Hand Weapons
 k - a +0 dagger of venom (weapon)
Armour
 a - a +0 robe (worn)
 x - a +0 pair of boots (worn)
Jewellery
 d - a +6 ring of intelligence (left hand)
 j - an uncursed ring of protection from cold
 n - a ring of magical power (right hand)
 B - a +6 ring of strength
 K - an amulet of magic regeneration (around neck)
Wands
 q - a wand of digging (1)
 C - a wand of random effects (19)
 D - a wand of disintegration (29)
 G - a wand of paralysis (9)
 I - a wand of iceblast (7)
Scrolls
 b - 3 scrolls of teleportation
 c - 5 scrolls of remove curse
 f - 5 scrolls of enchant weapon
 h - 3 scrolls of amnesia
 l - 2 scrolls of fog
 m - 3 scrolls of enchant armour
 o - a scroll of random uselessness
 r - 3 scrolls of fear
 A - a scroll of blinking
 E - a scroll of acquirement {unknown}
 H - a scroll of holy word
 J - a scroll of vulnerability {unknown}
Potions
 e - 7 potions of flight
 g - 4 potions of ambrosia
 i - 10 potions of curing
 p - 5 potions of heal wounds
 s - a potion of brilliance {unknown}
 t - 4 potions of magic
 u - 2 potions of mutation
 v - 2 potions of might {unknown}
 w - a potion of haste {unknown}
 z - a potion of degeneration {unknown}
 F - 3 potions of lignification
Books
 y - a manual of Polearms


   Skills:
 + Level 4.7 Dodging
 - Level 3.0 Stealth
 + Level 11.9 Spellcasting
 + Level 9.9 Conjurations
 * Level 13.8 Fire Magic
 * Level 3.8 Evocations


You had 14 spell levels left.
You knew the following spells:

 Your Spells              Type           Power        Failure   Level
a - Foxfire               Conj/Fire      100%         1%          1
b - Conjure Flame         Conj/Fire      73%          1%          3
c - Sticky Flame          Conj/Fire      73%          1%          4
d - Fireball              Conj/Fire      36%          1%          5
e - Shock                 Conj/Air       100%         1%          1
f - Lightning Bolt        Conj/Air       23%          11%         5

Your spell library contained the following spells:

 Spells                   Type           Power        Failure   Level
 Magic Dart               Conj           100%         1%          1
 Inner Flame              Hex/Fire       56%          1%          3
 Static Discharge         Conj/Air       47%          1%          3
 Animate Skeleton         Necr           34%          3%          1
 Apportation              Tloc           34%          3%          1
 Beastly Appendage        Tmut           34%          3%          1
 Corona                   Hex            18%          3%          1
 Summon Small Mammal      Summ           68%          3%          1
 Swiftness                Air            17%          4%          2
 Wereblood                Tmut           17%          4%          2
 Spider Form              Tmut/Pois      8%           9%          3
 Airstrike                Air            8%           28%         4
 Ice Form                 Ice/Tmut       17%          28%         4
 Blade Hands              Tmut           8%           63%         5
 Chain Lightning          Conj/Air       23%          100%        8
 Lehudib's Crystal Spear  Conj/Erth      23%          100%        8
 Absolute Zero            Ice            8%           100%        9
 Fire Storm               Conj/Fire      36%          100%        9


Dungeon Overview and Level Annotations

Branches:
Dungeon (11/15)            Temple (1/1) D:6            Lair (0/6) D:10
Ossuary (visited)
    Orc: D:9-12

Altars:
Ashenzari
Cheibriados
Dithmenos
Elyvilon
Fedhas
Gozag
Hepliaklqana
Kikubaaqudgha
Makhleb
Nemelex Xobeh
Okawaru
Qazlal
Ru
Sif Muna
Trog
Uskayaw
Vehumet
Wu Jian
Xom
Yredelemnul
Zin
The Shining One

Shops:
D:10 }


Message History

The red ugly thing tail-slaps you.
You are engulfed in flames!!
Casting: Lightning Bolt (quite dangerous; 11% risk of failure)
Confirm with . or Enter, or press ? or * to list all spells.
The spell is quite dangerous to cast (11% risk of failure)!
Continue anyway?
Aiming: Lightning Bolt (quite dangerous; 11% risk of failure)
Press: ? - help, Shift-Dir - straight line You hear a mighty clap of thunder!
The bolt of lightning hits the red ugly thing!!
The red ugly thing is almost dead.
The red ugly thing tail-slaps you!
You are engulfed in flames!
* * * LOW HITPOINT WARNING * * *
Aiming: Iceblast
Press: ? - help, Shift-Dir - straight line The mass of ice explodes!
The iceblast engulfs the red ugly thing!
The red ugly thing is almost dead.
The red ugly thing tail-slaps you!
* * * LOW HITPOINT WARNING * * *
You are engulfed in flames!!
You die...

#.#**************
#.#,,,,,,,,,,,,,,
####u#*,#####*******
#....#*,#<†.#####***
####.#####+#.÷[)....,,*
#...........÷...)...,,,
#............†......,,*
#.....u.........†...,,*
######@.............,,*
#..............,,*
#..............,,*
#....(.........,,*
#..........^..,,,*
#............,,,,*
############******


You could see a red ugly thing.

Vanquished Creatures
  A two-headed ogre (D:9)
  A hell knight (D:10)
  An ugly thing (D:8)
  Psyche (D:9)
  A centaur skeleton (D:11)
  Maggie (D:10)
  A hornet (D:8)
  13 yaks
  2 wyverns
  Edmund (D:4)
  4 water moccasins
  3 hell hounds (D:10)
  A sky beast (D:6)
  4 ice beasts
  3 orc warriors
  3 black bears (D:10)
  2 phantoms
  15 centaurs
  7 ogres
  A big kobold (D:8)
  6 bullfrogs
  14 scorpions
  2 killer bees (D:11)
  4 howler monkeys
  14 wights
  3 electric eels (D:10)
  2 quasits
  5 bullfrog skeletons
  3 centaur zombies (Ossuary)
  3 jellies
  6 orc priests
  7 hounds
  6 orc wizards
  Terence (D:2)
  4 iguanas
  9 worker ants
  Natasha (thrice) (D:3)
  A big kobold zombie (Ossuary)
  2 hound zombies
  2 howler monkey zombies
  3 mummies (Ossuary)
  A worker ant zombie (D:5)
  A howler monkey skeleton (D:6)
  4 scorpion zombies (Ossuary)
  14 adders
  2 shadow imps
  3 white imps
  2 oozes
  2 adder skeletons (D:9)
  4 worms
  A dart slug (D:2)
  6 leopard geckos
  32 orcs
  12 bats
  12 giant cockroaches
  4 gnoll zombies
  6 goblins
  5 hobgoblins
  15 jackals
  4 quokkas
  A ball python (D:4)
  5 frilled lizards
  A goblin zombie (Ossuary)
  2 hobgoblin zombies (Ossuary)
  10 kobolds
  6 kobold zombies (Ossuary)
  A quokka skeleton (D:6)
  3 rats (D:1)
325 creatures vanquished.

Vanquished Creatures (collateral kills)
  A foxfire (D:10)
1 creature vanquished.

Vanquished Creatures (others)
  1365 foxfires
  51 fungi (D:10)
  44 plants (D:10)
1460 creatures vanquished.

Grand Total: 1786 creatures vanquished

Notes
Turn   | Place    | Note
-------+----------+-------------------------------------------
     0 | D:1      | Arthanis the Deep Elf Fire Elementalist began the quest for
                  | the Orb.
     0 | D:1      | Reached XP level 1. HP: 10/10 MP: 6/6
     3 | D:1      | Noticed an electric eel
     3 | D:1      | Noticed an electric eel
   189 | D:1      | Reached XP level 2. HP: 15/15 MP: 2/8
   538 | D:1      | Reached skill level 4 in Fire Magic
   612 | D:1      | Reached XP level 3. HP: 17/19 MP: 7/10
  1067 | D:2      | Noticed Terence
  1406 | D:2      | Learned a level 3 spell: Conjure Flame
  1548 | D:2      | Reached XP level 4. HP: 24/24 MP: 8/11
  1905 | D:2      | Killed Terence
  1957 | D:2      | Learned a level 4 spell: Sticky Flame
  2174 | D:3      | Reached skill level 5 in Fire Magic
  2391 | D:3      | Reached XP level 5. HP: 28/28 MP: 8/13
  2697 | D:3      | Noticed Natasha
  2709 | D:3      | Killed Natasha
  3287 | D:3      | Learned a level 5 spell: Fireball
  3304 | D:3      | Noticed Natasha
  3309 | D:3      | Killed Natasha
  3349 | D:3      | Noticed Natasha
  3355 | D:3      | Killed Natasha
  3540 | D:4      | Reached skill level 5 in Spellcasting
  3540 | D:4      | Reached skill level 6 in Fire Magic
  3540 | D:4      | Reached XP level 6. HP: 30/32 MP: 15/15
  3694 | D:4      | You fall into a shaft and drop 3 floors!
  3798 | D:7      | Found an opulent altar of Gozag.
  3798 | D:7      | Found a hide-covered altar of Uskayaw.
  3999 | D:6      | Reached XP level 7. HP: 19/36 MP: 17/17
  4016 | D:7      | Reached skill level 7 in Fire Magic
  4303 | D:7      | Found a shimmering blue altar of Sif Muna.
  4357 | D:5      | Entered Level 5 of the Dungeon
  4392 | D:6      | Learned a level 1 spell: Shock
  4420 | D:5      | You fall into a shaft and drop 2 floors!
  4497 | D:5      | Found a sand-covered staircase.
  4504 | Ossuary  | Entered an ossuary
  4783 | Ossuary  | Reached skill level 5 in Conjurations
  4783 | Ossuary  | Reached XP level 8. HP: 41/41 MP: 19/20
  4793 | Ossuary  | Reached skill level 8 in Fire Magic
  5179 | Ossuary  | Reached skill level 9 in Fire Magic
  5781 | D:4      | Reached skill level 1 in Evocations
  6054 | D:4      | Found a white marble altar of Elyvilon.
  6152 | D:4      | Noticed Edmund
  6161 | D:4      | Killed Edmund
  6162 | D:4      | Reached XP level 9. HP: 45/45 MP: 23/23
  6197 | D:4      | Found a shadowy altar of Dithmenos.
  7297 | D:6      | Reached skill level 10 in Fire Magic
  7517 | D:6      | Found a staircase to the Ecumenical Temple.
  7535 | Temple   | Entered the Ecumenical Temple
  7996 | D:6      | Found a glowing golden altar of the Shining One.
  8820 | D:7      | Found a basalt altar of Yredelemnul.
  8873 | D:8      | Noticed a cyan ugly thing
  8878 | D:8      | Killed a cyan ugly thing
  8879 | D:8      | Reached skill level 11 in Fire Magic
  9067 | D:8      | Reached XP level 10. HP: 50/50 MP: 25/25
  9614 | D:8      | You fall into a shaft and drop 1 floor!
  9695 | D:9      | Found a blossoming altar of Fedhas.
  9844 | D:8      | Found an ornate altar of the Wu Jian Council.
  9934 | D:8      | Found a radiant altar of Vehumet.
  9950 | D:8      | Became a worshipper of Vehumet
  9975 | D:8      | Found an ancient bone altar of Kikubaaqudgha.
 10046 | D:8      | Reached skill level 10 in Spellcasting
 10443 | D:9      | Noticed a two-headed ogre
 10683 | D:9      | Noticed Psyche
 10690 | D:9      | Killed Psyche
 10692 | D:9      | Killed a two-headed ogre
 10693 | D:9      | Reached skill level 12 in Fire Magic
 11194 | D:10     | Entered Level 10 of the Dungeon
 11486 | D:10     | Noticed Maggie
 11495 | D:10     | Killed Maggie
 11505 | D:10     | Reached XP level 11. HP: 32/54 MP: 2/28
 11669 | D:10     | Reached skill level 13 in Fire Magic
 11669 | D:10     | Reached * piety under Vehumet
 11669 | D:10     | Offered knowledge of Freeze by Vehumet.
 11926 | D:10     | Found a staircase to the Lair.
 12053 | D:10     | Learned a level 5 spell: Lightning Bolt
 12226 | D:10     | Noticed a hell knight
 12235 | D:10     | Killed a hell knight
 12340 | D:10     | Found Kibroona's Gadget Shoppe.
 12346 | D:10     | Bought a wand of iceblast (8) for 204 gold pieces
 13026 | D:11     | Reached ** piety under Vehumet
 13026 | D:11     | Offered knowledge of Magic Dart by Vehumet.
 13027 | D:11     | Noticed a boulder beetle
 13357 | D:11     | Noticed a red ugly thing
 13630 | D:11     | Noticed a red ugly thing
 13675 | D:11     | HP: 2/54 [red ugly thing (9)]
 13675 | D:11     | Demolished by a red ugly thing

Illustrated notes

Levels and vault maps discovered:
D:1:      arrival_aquarium_b, layout_rooms
D:2:      minmay_chambers_of_ones, layout_loops_ring, kennysheep_potato,
          uniq_terence
D:3:      layout_basic, kennysheep_another_room, uniq_natasha
D:4:      minmay_angry_zag, layout_rooms, general_overflow_altar,
          marbit_many_paths, corexii_leaking_fountain, uniq_edmund
D:5:      layout_basic, gup_sewer_entry_glass, enter_ossuary_3, st_stairs_14
D:6:      layout_rooms, tso_altar, temple_green, minmay_manual_mail
D:7:      layout_loops_ring, lemuel_zombie_altar_yredelemnul,
          lemuel_doored_altar, chequers_temple_overflow_statue_of_worship,
          minmay_a_box_with_orc_wizards_in_it
D:8:      layout_gridville, kennysheep_mini_moat, minitemple
D:9:      layout_loops_ring, nicolae_overflow_crystal_walls, uniq_psyche
D:10:     layout_basic, due_lair_maze_entry_diamond, serial_shops, shop,
          chequers_serial_rivers_micro_e, minmay_rotating_lava, uniq_maggie
D:11:     layout_basic, gauntlet_entry_generic
Temple:   bh_familiar_temple

Skill      XL: |  1  2  3  4  5  6  7  8  9 10 11 |
---------------+----------------------------------+-----
Fire Magic     | 4 5 6 7 9 11 12 13 | 13.8
Conjurations   | 2 3 4 5 6 7 9 |  9.9
Spellcasting   | 4 5 6 8 9 11 | 11.9
Evocations     | 1 2 3 |  3.8
Dodging        | 3 4 |  4.7
Stealth        | 3 |  3.0

Action                   |  1- 3 |  4- 6 |  7- 9 | 10-12 || total
-------------------------+-------+-------+-------+-------++-------
Melee: Unarmed           |     1 |       |       |       ||     1
       Dagger            |       |       |     5 |     3 ||     8
 Cast: Foxfire           |   100 |   134 |   423 |   229 ||   886
       Conjure Flame     |       |       |     5 |       ||     5
       Sticky Flame      |       |       |    21 |    22 ||    43
       Fireball          |       |       |     7 |    47 ||    54
       Shock             |       |       |       |    30 ||    30
       Lightning Bolt    |       |       |       |    11 ||    11
Evoke: Wand              |       |       |       |     1 ||     1
  Use: Scroll            |       |       |    17 |     7 ||    24
       Potion            |       |       |       |     2 ||     2
Armor: Robe              |     2 |     2 |     5 |     8 ||    17
Dodge: Dodged            |    19 |    28 |    34 |    36 ||   117
